 Dungeon Crawl Stone Soup version 0.24-a0-201-gf205589 (console) character file.

Game seed: 1553840523376094878

533 bli the Slasher (level 7, -2/55 HPs)
             Began as a Formicid Abyssal Knight on Mar 20, 2019.
             Was a Believer of Lugonu.
             Killed from afar by an orc wizard (4 damage)
             ... with a magic dart
             ... on level 5 of the Dungeon.
             The game lasted 00:13:25 (4290 turns).

bli the Slasher (Formicid Abyssal Knight)           Turns: 4290, Time: 00:13:25

Health: -2/55      AC:  3    Str: 17    XL:     7   Next: 49%
Magic:  8/8        EV: 13    Int: 11    God:    Lugonu [**....]
Gold:   171        SH:  0    Dex: 12    Spells: 6/6 levels left

rFire    . . .     SeeInvis +   a - +2 falchion (drain)
rCold    . . .     Gourm    .   (no shield)
rNeg     . . .     Faith    .   g - +0 leather armour
rPois    +         Spirit   .   (helmet unavailable)
rElec    .         Reflect  .   B - scarf {repulsion}
rCorr    .         Harm     .   (no gloves)
MR       .....                  (no boots)
Stlth    +.........             (no amulet)
HPRegen  0.18/turn              i - ring of poison resistance
MPRegen  0.11/turn              (no ring)

@: repel missiles
A: permanent stasis, dig shafts and tunnels, four strong arms, antennae 3
a: Dig, Shaft Self, Depart the Abyss, Bend Space, Renounce Religion


You were on level 5 of the Dungeon.
You worshipped Lugonu.
Lugonu was pleased with you.
You were very hungry.

You visited 1 branch of the dungeon, and saw 5 of its levels.
You visited the Abyss 1 time.

You collected 171 gold pieces.

Inventory:

Hand Weapons
 a - a +2 falchion of draining (weapon)
 b - a +0 hunting sling
 w - a +1 falchion
 D - a +0 scimitar
Missiles
 d - 11 sling bullets
 h - 88 stones (quivered)
Armour
 g - a +0 leather armour (worn)
 o - a +0 ring mail
 v - a +0 scale mail
 B - a scarf of repulsion (worn)
 C - a +0 cloak
Jewellery
 i - a ring of poison resistance (left hand)
 s - an uncursed amulet of faith {unknown}
 y - an uncursed ring of wizardry {unknown}
 z - an uncursed ring of magical power {unknown}
Wands
 x - a wand of disintegration (5)
Scrolls
 e - 8 scrolls of identify {unknown}
 j - 3 scrolls of fog {unknown}
 k - 2 scrolls of random uselessness {unknown}
 l - 2 scrolls of immolation {unknown}
 m - 3 scrolls of amnesia {unknown}
 n - 2 scrolls of remove curse {unknown}
 p - a scroll of teleportation {unknown}
 q - a scroll of blinking {unknown}
 r - a scroll of fear {unknown}
 E - a scroll of enchant armour {unknown}
Potions
 f - a potion of berserk rage {unknown}
 t - a potion of might {unknown}
 u - 2 potions of curing {unknown}
 A - 2 potions of resistance {unknown}
 F - a potion of agility {unknown}
Comestibles
 c - 7 rations


   Skills:
 + Level 4.3 Fighting
 * Level 5.2 Long Blades
 + Level 2.6 Slings
 + Level 2.8 Armour
 * Level 3.3 Dodging
 + Level 0.5 Stealth
 + Level 2.2 Invocations


You had 6 spell levels left.
You didn't know any spells.
Your spell library contained the following spells:

 Spells                   Type           Power        Failure   Level  Hunger
 Animate Skeleton         Necr           N/A          38%         1    ##.....
 Pain                     Necr           #...         38%         1    ##.....
 Regeneration             Chrm/Necr      #.........   77%         3    ####...
 Vampiric Draining        Necr           #.........   77%         3    ####...
 Animate Dead             Necr           N/A          99%         4    #####..


Dungeon Overview and Level Annotations

Branches:
Dungeon (5/15)
 Temple: D:4-7

Altars:
Kikubaaqudgha
Nemelex Xobeh
Vehumet


Innate Abilities, Weirdness & Mutations

You cannot be hasted, slowed, berserked, paralysed or teleported.
You can dig through walls and to a lower floor.
Your four strong arms can wield two-handed weapons with a shield.
You have a pair of large antennae on your head. (SInv)


Message History

You hit the orc warrior but do no damage.
The orc warrior is heavily wounded.
You hit the orc warrior.
The orc warrior is heavily wounded.
The orc warrior hits you with a +0 mace!!
An orc wizard comes into view. It is wielding a +0 dagger.
You hit the orc warrior but do no damage.
The orc warrior is heavily wounded.
The orc warrior hits you with a +0 mace!
* * * LOW HITPOINT WARNING * * *
The orc wizard hits you with a +0 dagger.
* * * LOW HITPOINT WARNING * * *
The orc wizard casts a spell.
The orc wizard seems to speed up.
The orc wizard gestures wildly while chanting.
The orc wizard blinks!
You are feeling very hungry.
The orc wizard gestures at you while chanting.
The magic dart hits you.
You die...

#.....# #.######.....# #.....#
#......'.....# #.....#
########.....########### ......#
#....................... ......#
#.#######'#.......######
......####.#.....#.#.......######
...................'............>
(o...#####'#'###.#.#.......######
.({..##........#.#.##+#......#
.....##........#.#.##.#....#.#
......#...o.....@..##.##.#.#.#
...##(#.......o.<..##.#..#.#.#
##.##.(((....o.....##.#..#.#.#
#.###..............#.#..#.#[# #+#
#.........#.####.#.##.#.#
....).#............#....#.#
.......#######.......#####.####
........+.......................
........#######.......#####.####
#........ #.......# #.#...
#.......# #.#.#.


You could see an orc warrior and 2 orc wizards.

Vanquished Creatures
  An ice beast (D:5)
  A phantom (D:4)
  A bullfrog (D:5)
  A howler monkey (D:4)
  2 orc wizards (D:5)
  An iguana (D:5)
  A worker ant (D:5)
  A howler monkey zombie (D:5)
  5 adders
  An adder skeleton (D:4)
  5 worms
  3 leopard geckos
  3 orcs
  10 bats
  A giant cockroach (D:2)
  3 goblins
  4 hobgoblins
  12 jackals
  A quokka (D:2)
  15 frilled lizards
  9 kobolds
  5 rats
86 creatures vanquished.

Notes
Turn   | Place    | Note
-------+----------+-------------------------------------------
     0 | Abyss:1  | bli the Formicid Abyssal Knight began the quest for the
                  | Orb.
     0 | Abyss:1  | Reached XP level 1. HP: 18/18 MP: 2/2
    15 | Abyss:1  | Found a corrupted altar of Lugonu.
   192 | Abyss:2  | Noticed a golden eye
   199 | Abyss:2  | Noticed a hell hound
   199 | Abyss:2  | Noticed a hell hound
   199 | Abyss:2  | Noticed a hell hound
   203 | Abyss:2  | Noticed a wretched star
   205 | D:1      | Escaped the Abyss
   211 | D:1      | Reached skill level 1 in Dodging
   223 | D:1      | Reached XP level 2. HP: 4/24 MP: 3/3
   224 | D:1      | Reached * piety under Lugonu
   541 | D:1      | Reached XP level 3. HP: 22/29 MP: 4/4
  1066 | D:2      | Reached skill level 3 in Long Blades
  1098 | D:2      | Reached XP level 4. HP: 28/35 MP: 5/5
  1413 | D:2      | Found a sparkling altar of Nemelex Xobeh.
  1609 | D:2      | Found an ancient bone altar of Kikubaaqudgha.
  1714 | D:3      | Found a sparkling altar of Nemelex Xobeh.
  1732 | D:3      | Reached ** piety under Lugonu
  1742 | D:3      | Found a radiant altar of Vehumet.
  2207 | D:3      | Reached XP level 5. HP: 31/41 MP: 6/6
  2697 | D:4      | Reached skill level 4 in Long Blades
  3019 | D:4      | Noticed a phantom
  3056 | D:4      | Killed a phantom
  3056 | D:4      | Reached skill level 1 in Slings
  3056 | D:4      | Reached XP level 6. HP: 24/48 MP: 7/7
  3386 | D:5      | Entered Level 5 of the Dungeon
  3735 | D:5      | Reached XP level 7. HP: 53/54 MP: 8/8
  3841 | D:5      | Reached skill level 5 in Long Blades
  4284 | D:5      | HP: 1/55 [orc wizard/+0 dagger (4)]
  4290 | D:5      | Killed from afar by an orc wizard

Levels and vault maps discovered:
D:1:      lightli_arrival_maybe_door_vault, layout_rooms
D:2:      layout_loops_ring, kiku_gazebo_pond_becter, first_ration,
          nemelex_diamond_rough_becter
D:3:      minmay_skewed_foursquare, layout_loops_ring,
          nicolae_overflow_crystal_walls, nemelex_xobeh_ov_fountains_minmay
D:4:      layout_basic
D:5:      layout_basic
Abyss:1
Abyss:2

Skill      XL: |  1  2  3  4  5  6  7 |
---------------+----------------------+-----
Dodging        | 1 2 3 |  3.3
Long Blades    | 3 4 5 |  5.2
Fighting       | 4 |  4.3
Slings         | 1 2 |  2.6
Armour         | |  2.8
Stealth        | |  0.5
Invocations    | |  2.2

Action                   |  1- 3 |  4- 6 |  7- 9 || total
-------------------------+-------+-------+-------++-------
Melee: Falchion          |    78 |   141 |    22 ||   241
       Scimitar          |       |     9 |       ||     9
 Fire: Hunting sling     |       |    46 |    18 ||    64
Throw: Stone             |       |     6 |       ||     6
Invok: Depart the Abyss  |     1 |       |       ||     1
 Abil: Dig               |       |     1 |       ||     1
  Eat: Chunk             |     1 |     8 |     1 ||    10
Armor: Leather armour    |    35 |    34 |     4 ||    73
Dodge: Dodged            |    80 |    91 |     9 ||   180
       Rpst.: Falchion   |    27 |    23 |     3 ||    53
       Scimitar          |       |     1 |       ||     1

Table legend:
 A = Non-vault XP
 B = Vault XP
 C = Vault XP percentage of total XP
 D = Non-vault monster count
 E = Vault monster count
 F = Vault count percentage of total count
                 A         B        C        D         E       F
            +---------+---------+-------+---------+---------+-------
      Total |     757 |       5 |   0.7 |      82 |       4 |   4.7
            +---------+---------+-------+---------+---------+-------
        D:1 |      50 |       0 |   0.0 |      32 |       0 |   0.0
        D:2 |      45 |       0 |   0.0 |      13 |       0 |   0.0
        D:3 |      45 |       5 |  10.0 |      15 |       4 |  21.1
        D:4 |     226 |       0 |   0.0 |      13 |       0 |   0.0
        D:5 |     391 |       0 |   0.0 |       9 |       0 |   0.0
            +---------+---------+-------+---------+---------+-------
